Map: [ESL] Solaris

Players

Maru - Winner!

  • Race: Terran Terran
  • Spawn Location: 1:00

Cure

  • Race: Terran Terran
  • Spawn Location: 7:00

Event: IEM Katowice 2024

VOD

Have the link to the VOD?

Description

Time

  • Played on: Feb. 11, 2024, 11:37 a.m.
  • Length: 11:29

All games in this series

Show
View Real Time Build Order
Export as new Build Order

Maru Terran - Winner!

Build Orders: Cyclone Opening 

Get SALT Encoding   

  12  0:00  SCV  
  13  0:12  SCV  
  14  0:17  Supply Depot  
  14  0:24  SCV  
  15  0:38  SCV  
  15  0:40  Barracks  
  16  0:42  Refinery  
  16  0:51  SCV  
  16  0:52  Refinery  
  17  1:03  SCV  
  18  1:15  SCV  
  19  1:27  Orbital Command, Reaper  
  19  1:31  Supply Depot  
  20  1:44  Factory  
  20  1:52  SCV  
  21  1:59  Marine  
  22  2:04  SCV  
  23  2:16  SCV  
  23  2:21  Command Center  
  24  2:29  Cyclone, SCV  
  27  2:36  Supply Depot  
  27  2:37  Barracks Reactor  
  27  2:41  SCV  
  28  2:47  Starport  
  28  2:53  SCV  
  29  3:01  Cyclone  
  29  3:05  SCV  
  32  3:13  Marine x2  
  32  3:17  SCV  
  35  3:27  Medivac  
  35  3:29  SCV  
  35  3:31  Marine  
  35  3:32  Marine  
  35  3:33  Cyclone  
  42  3:37  Orbital Command  
  42  3:41  SCV  
  42  3:43  Supply Depot  
  43  3:50  Marine x2  
  43  3:53  SCV  
  46  3:58  Starport Tech Lab  
  46  4:04  SCV  
  46  4:05  SCV  
  48  4:12  Cyclone x2  
  48  4:16  SCV  
  53  4:18  Raven  
  53  4:20  SCV  
  53  4:28  SCV  
  49  4:32  SCV  
  48  4:40  SCV, Marine  
  48  4:44  Cyclone  
  48  4:45  SCV  
  49  4:52  SCV  
  44  4:57  SCV  
  44  4:59  Raven  
  38  5:04  SCV  
  38  5:05  Marine  
  40  5:09  SCV  
  40  5:10  Refinery  
  41  5:15  Bunker  
  41  5:16  SCV  
  41  5:21  SCV  
  42  5:28  SCV  
  42  5:33  Factory Tech Lab, SCV  
  42  5:34  Marine  
  42  5:35  Marine  
  46  5:39  Raven  
  46  5:41  SCV  
  49  5:45  SCV  
  49  5:49  Command Center  
  50  5:53  Siege Tank  
  50  5:57  SCV x2  
  54  6:00  Interference Matrix  
  54  6:04  Supply Depot  
  55  6:06  Marine  
  55  6:07  Marine  
  55  6:09  SCV, Refinery  
  59  6:11  SCV  
  59  6:18  Raven  
  60  6:21  SCV  
  61  6:26  SCV  
  62  6:33  Barracks, SCV  
  62  6:34  Barracks, Siege Tank  
  62  6:38  SCV  
  67  6:41  Marine  
  67  6:45  SCV  
  67  6:46  Marine  
  70  6:51  Engineering Bay x2  
  70  6:53  Supply Depot  
  70  7:00  SCV x2  
  72  7:05  Starport Reactor  
  72  7:06  SCV  
  72  7:08  Siege Tank  
  69  7:12  SCV x2  
  59  7:20  Terran Infantry Weapons Level 1, Terran Infantry Armor Level 1  
  59  7:21  Orbital Command  
  59  7:23  Barracks Reactor  
  59  7:27  SCV x2  
  61  7:35  Stimpack  
  61  7:39  SCV x2  
  61  7:44  Siege Tank  
  61  7:46  SCV  
  61  7:50  Marine x2  
  68  7:51  SCV x2  
  71  7:58  SCV  
  71  7:59  Liberator  
  71  8:01  Marine x2  
  71  8:02  Marine  
  71  8:03  SCV x2  
  78  8:09  Marine  
  78  8:12  Marine  
  80  8:19  Marine x2  
  84  8:20  Siege Tank, Marine  
  84  8:21  SCV x2  
  78  8:27  Marine  
  78  8:29  Marine  
  78  8:32  Barracks, SCV  
  78  8:33  Barracks, SCV  
  82  8:39  Marine x3  
  84  8:42  SCV  
  84  8:44  SCV  
  84  8:45  Marine  
  84  8:47  Medivac  
  89  8:50  Medivac  
  89  8:55  Supply Depot  
  91  8:59  Marine  
  91  9:01  Supply Depot  
  91  9:02  Supply Depot  
  92  9:08  Marine  
  93  9:13  Marine  
  92  9:17  Medivac  
  92  9:20  Medivac  
  92  9:21  Marine x2  
  92  9:22  Marine x2  
  103  9:24  Supply Depot  
  103  9:26  Combat Shield  
  103  9:27  Marine x2  
  103  9:31  Marine  
  91  9:38  Marine  
  91  9:39  Marine  
  91  9:40  Marine x2  
  91  9:41  SCV x2  
  91  9:44  Marine x2  
  97  9:46  SCV  
  97  9:49  Marine  
  97  9:56  Marine x2  
  97  9:57  Marine x2  
  101  10:00  SCV  
  101  10:02  Marine x2  
  101  10:07  Marine  
  104  10:12  Siege Tank  
  105  10:14  Marine x2  
  105  10:15  Marine x2  
  105  10:20  Marine x2  
  111  10:24  Marine  
  112  10:32  Marine x2  
  112  10:33  Marine x2  
  115  10:38  Marine x2  
  115  10:42  Marine  
  92  10:50  Marine  
  92  10:52  Marine x2  
  92  10:55  Marine  
  92  10:56  Marine x2  
  91  11:00  Marine  
  91  11:07  Marine  
  91  11:10  Marine x2  
Show
View Real Time Build Order
Export as new Build Order

Cure Terran 

Build Orders: Cyclone Opening 

Get SALT Encoding   

  12  0:00  SCV  
  13  0:12  SCV  
  14  0:17  Supply Depot  
  14  0:24  SCV  
  15  0:38  SCV  
  15  0:40  Barracks  
  15  0:42  Refinery  
  16  0:50  SCV  
  16  0:52  Refinery  
  17  1:03  SCV  
  18  1:15  SCV  
  19  1:27  Orbital Command, Reaper  
  19  1:30  Supply Depot  
  20  1:40  Factory  
  20  1:53  SCV  
  21  1:59  Reaper  
  22  2:05  SCV  
  23  2:17  SCV  
  23  2:20  Command Center  
  24  2:26  Cyclone  
  24  2:29  SCV  
  27  2:38  Starport  
  27  2:42  SCV  
  28  2:46  Barracks Reactor  
  28  2:52  Supply Depot  
  28  2:54  SCV  
  29  3:00  Cyclone  
  31  3:13  SCV  
  31  3:16  Medivac  
  34  3:25  SCV  
  35  3:27  Refinery  
  35  3:33  Orbital Command, Barracks Tech Lab  
  35  3:37  SCV  
  36  3:43  Cyclone x2  
  40  3:50  SCV  
  41  3:59  Supply Depot, SCV  
  41  4:02  SCV  
  43  4:04  Raven  
  45  4:11  SCV  
  45  4:14  SCV, Marine  
  45  4:15  Cyclone x2  
  52  4:23  SCV  
  53  4:26  SCV  
  46  4:34  Marine  
  46  4:35  SCV  
  42  4:38  SCV  
  41  4:47  Cyclone x2, SCV  
  41  4:51  SCV  
  46  4:59  SCV  
  41  5:00  Raven  
  41  5:03  SCV  
  41  5:06  Command Center  
  44  5:12  SCV  
  46  5:15  SCV  
  46  5:19  Cyclone x2  
  50  5:25  SCV  
  50  5:26  Interference Matrix  
  50  5:27  SCV  
  52  5:29  Supply Depot  
  52  5:35  Raven  
  54  5:37  SCV  
  54  5:39  SCV  
  56  5:45  Refinery  
  56  5:49  SCV  
  57  5:51  SCV  
  57  5:52  Cyclone  
  57  5:54  Cyclone  
  62  6:02  SCV  
  62  6:03  SCV  
  64  6:05  Barracks Tech Lab  
  64  6:11  Raven  
  66  6:14  SCV  
  66  6:15  SCV  
  68  6:24  Orbital Command  
  68  6:26  SCV  
  68  6:27  SCV  
  68  6:29  Stimpack, Marine  
  71  6:36  Barracks  
  71  6:38  SCV  
  71  6:39  Barracks, SCV  
  73  6:40  Factory Reactor  
  73  6:42  Engineering Bay  
  73  6:44  Engineering Bay  
  73  6:46  Marine  
  74  6:50  SCV  
  74  6:52  Orbital Command, SCV  
  76  6:59  Starport Reactor  
  76  7:02  SCV  
  76  7:04  Marine, SCV  
  77  7:14  SCV  
  71  7:16  SCV  
  71  7:17  SCV  
  71  7:18  Terran Infantry Weapons Level 1  
  71  7:19  Terran Infantry Armor Level 1  
  71  7:21  Barracks  
  71  7:22  Barracks, Marine  
  74  7:24  Marine x2  
  74  7:26  Siege Tank, SCV  
  74  7:28  SCV  
  81  7:34  SCV  
  81  7:36  Medivac x2  
  85  7:41  Supply Depot x2  
  85  7:45  Marine  
  85  7:47  Marine, SCV x2  
  85  7:49  Marine  
  85  7:50  SCV  
  81  7:58  Supply Depot  
  81  7:59  SCV x2  
  81  8:03  Marine  
  81  8:04  Siege Tank  
  83  8:05  Marine  
  83  8:06  Marine x2  
  83  8:08  Marine  
  83  8:12  Combat Shield  
  85  8:14  SCV  
  85  8:18  SCV  
  81  8:21  Marine  
  81  8:23  Marine  
  81  8:25  Barracks Reactor  
  81  8:26  Marine x2, Medivac x2  
  88  8:30  SCV x3  
  88  8:31  Marine  
  88  8:34  Barracks Reactor  
  90  8:42  SCV x2  
  90  8:43  SCV  
  90  8:44  Marine x2  
  90  8:45  Marine x2  
  97  8:50  Marine  
  97  8:52  Siege Tank  
  97  8:54  SCV  
  97  8:55  SCV x2  
  104  8:59  Supply Depot  
  104  9:02  Armory, Marine x3  
  104  9:04  Marine x3  
  104  9:07  Marine  
  104  9:09  SCV x3  
  110  9:10  Marine  
  111  9:18  Medivac  
  111  9:21  SCV x2  
  111  9:23  SCV  
  116  9:25  Marine x2, Supply Depot  
  116  9:26  Supply Depot  
  116  9:29  Marine x3  
  121  9:31  Marine  
  121  9:33  SCV  
  121  9:34  SCV  
  121  9:35  Marine  
  121  9:36  Marine  
  121  9:37  Marine  
  125  9:39  SCV  
  125  9:43  Marine  
  125  9:44  Marine  
  120  9:45  SCV  
  120  9:46  SCV  
  120  9:47  Marine x3  
  124  9:54  SCV  
  124  9:58  SCV x2  
  124  9:59  Marine x2  
  114  10:00  Marine  
  116  10:10  Siege Tank  
  119  10:14  Marine x4  
  119  10:19  SCV  
  124  10:27  Marine x4  
  124  10:28  Marine  
  129  10:32  Marine x4  
  129  10:44  Marine x4  
  129  10:46  Marine  
  129  10:49  Marine x2  
  131  10:50  Marine x2  
  118  11:07  Marine  
  118  11:08  Marine  
  118  11:09  Marine x5  

Tags
 
Add a new tag
Caveats
  • Supply blocks, unpowered buildings, or Contaminate may cause inaccurate times.
  • Supply counts are checked every 10 seconds.